 Dungeon Crawl Stone Soup version 0.22.1-1-ga44c0e5 (webtiles) character file.

40 Singol the Covered (level 3, -5/30 HPs)
             Began as a Barachi Fighter on Oct 31, 2018.
             Slain by a hobgoblin
             ... wielding a +0 club
             ... led by Robin
              (7 damage)
             ... on level 2 of the Dungeon.
             The game lasted 00:07:39 (1555 turns).

Singol the Covered (Barachi Fighter)                Turns: 1555, Time: 00:07:39

Health: -5/30      AC:  7    Str: 18    XL:     3   Next: 50%
Magic:  3/3        EV:  7    Int:  8    God:
Gold:   82         SH:  9    Dex: 11    Spells: 2/2 levels left

rFire    . . .     SeeInvis .   a - +0 long sword
rCold    . . .     Gourm    .   c - +0 shield
rNeg     . . .     Faith    .   b - +0 scale mail
rPois    .         Spirit   .   (no helmet)
rElec    .         Reflect  .   (no cloak)
rCorr    .         Harm     .   (no gloves)
MR       .....                  (no boots)
Stlth    ..........             (no amulet)
HPRegen  0.10/turn              (no ring)
MPRegen  0.08/turn              (no ring)

@: slow
A: +LOS, swims, slowness 1, strong legs 1
a: Hop


You were on level 2 of the Dungeon.
You were not hungry.

You visited 1 branch of the dungeon, and saw 2 of its levels.

You collected 82 gold pieces.

Inventory:

Hand Weapons
 a - a +0 long sword (weapon)
Armour
 b - a +0 scale mail (worn)
 c - a +0 shield (worn)
Scrolls
 e - 3 scrolls of teleportation {unknown}
 h - 2 scrolls of remove curse {unknown}
 j - a scroll of identify {unknown}
Potions
 d - a potion of might
 i - 3 potions of agility {unknown}
 k - a potion of degeneration {unknown}
 l - a potion of curing {unknown}
Comestibles
 f - 2 rations
 g - a chunk of flesh


   Skills:
 + Level 4.0 Fighting
 + Level 3.2 Long Blades
 + Level 4.3 Armour
 - Level 0.1 Dodging
 - Level 3.5 Shields


You had 2 spell levels left.
You didn't know any spells.
Your spell library was empty.

Dungeon Overview and Level Annotations

Branches:
Dungeon (2/15)

Altars:
Uskayaw

Annotations:
D:2 Robin


Innate Abilities, Weirdness & Mutations

Shadows flee at your approach. (+LOS)
You can swim through water.
You cover ground slowly.
You can hop short distances.


Message History

* * * LOW HITPOINT WARNING * * *
The goblin hits you but does no damage. You block the hobgoblin's attack.
You slash the hobgoblin!
You kill the hobgoblin!
You block the hobgoblin's attack.
The hobgoblin hits you but does no damage.
The goblin hits you but does no damage. x2; You block the goblin's attack.
Robin says, "Bow before me, strongest of all the hobgoblins!"
The hobgoblin barely misses you.
You riposte.
You hit the hobgoblin.
The hobgoblin is lightly wounded.
The goblin barely misses you.
You riposte.
Your shield and scale mail prevent you from hitting the goblin.
You block the goblin's attack. The goblin hits you but does no damage.
You block the hobgoblin's attack. x2
You closely miss the goblin. The goblin hits you.
* * * LOW HITPOINT WARNING * * *
You block the goblin's attack. x2; The goblin hits you.
* * * LOW HITPOINT WARNING * * *
You block the hobgoblin's attack. The hobgoblin hits you with a club!
You die...

.. #.............#....:.... ##
................#.....
######...............#....
........................#
###.................##.########
......###.....................#
###...# #.###gg............#
###>..# #.##ggg............#
......######.#gg@gg...........#
...............g##............#
.......................########
....#....#...###[......#
..#......#.#...........#
.........#.#####.......#
#####....#.# #.......#
######.<.#.# #.......#
....##.(...# ###..####


You could see Robin, 3 hobgoblins and 6 goblins.

Vanquished Creatures
  2 worms (D:2)
  A dart slug (D:1)
  3 bats
  5 goblins
  6 hobgoblins
  3 ball pythons (D:1)
  A frilled lizard (D:1)
  5 kobolds
  8 rats
  2 plants (D:2)
36 creatures vanquished.

Notes
Turn   | Place    | Note
-------+----------+-------------------------------------------
     0 | D:1      | Singol the Barachi Fighter began the quest for the Orb.
     0 | D:1      | Reached XP level 1. HP: 18/18 MP: 1/1
   118 | D:1      | Reached XP level 2. HP: 23/25 MP: 2/2
   802 | D:1      | Reached XP level 3. HP: 30/30 MP: 3/3
  1237 | D:2      | Noticed a hand axe
  1237 | D:2      | Noticed a dagger
  1240 | D:2      | Found a hide-covered altar of Uskayaw.
  1535 | D:2      | Noticed Robin
  1555 | D:2      | Slain by a hobgoblin

Skill      XL: |  1  2  3 |
---------------+----------+-----
Armour         | 4 |  4.3
Long Blades    | 3 |  3.2
Fighting       | 4 |  4.0
Dodging        | |  0.1
Shields        | |  3.5

Action                   || total
-------------------------++-------
Melee: Long sword        ||   148
  Eat: Ration            ||     1
       Chunk             ||     1
Armor: Scale mail        ||    81
Dodge: Dodged            ||    57
Block: Shield            ||   103
       Rpst.: Long sword ||    21
